Workbook

Sheet Challenge8_Employee_Data
A1: EmployeeName | B1: BirthDate | C1: SSN | D1: HireDate | E1: HireDate(5+ Years) | F1: HireDate(10+ Years) | G1: Full Name
A2: Anderson, Maeve | B2: 31043 | C2: 203-55-3505 | D2: 43008 | E2: =IF(D2<DATEVALUE("1/1/2018"), TRUE, FALSE) -> FALSE | F2: =IF(D2<DATEVALUE("1/1/2013"), TRUE, FALSE) -> FALSE | G2: =MID(A2&" "&A2, SEARCH(" ",A2)+1,LEN(A2)-1) -> Maeve Anderson
A3: Prommer, Yozune | B3: 17474 | C3: 165-38-1199 | D3: 42432 | E3: =IF(D3<DATEVALUE("1/1/2018"), TRUE, FALSE) -> FALSE | F3: =IF(D3<DATEVALUE("1/1/2013"), TRUE, FALSE) -> FALSE | G3: =MID(A3&" "&A3, SEARCH(" ",A3)+1,LEN(A3)-1) -> Yozune Prommer
A4: Siamo, Dagoberto | B4: 24717 | C4: 769-84-2052 | D4: 41059 | E4: =IF(D4<DATEVALUE("1/1/2018"), TRUE, FALSE) -> TRUE | F4: =IF(D4<DATEVALUE("1/1/2013"), TRUE, FALSE) -> FALSE | G4: =MID(A4&" "&A4, SEARCH(" ",A4)+1,LEN(A4)-1) -> Dagoberto Siamo
A5: Adara, Bigler | B5: 24252 | C5: 338-89-6883 | D5: 39975 | E5: =IF(D5<DATEVALUE("1/1/2018"), TRUE, FALSE) -> TRUE | F5: =IF(D5<DATEVALUE("1/1/2013"), TRUE, FALSE) -> FALSE | G5: =MID(A5&" "&A5, SEARCH(" ",A5)+1,LEN(A5)-1) -> Bigler Adara
A6: Ufberg, Riccardo | B6: 22464 | C6: 812-54-9827 | D6: 40397 | E6: =IF(D6<DATEVALUE("1/1/2018"), TRUE, FALSE) -> TRUE | F6: =IF(D6<DATEVALUE("1/1/2013"), TRUE, FALSE) -> FALSE | G6: =MID(A6&" "&A6, SEARCH(" ",A6)+1,LEN(A6)-1) -> Riccardo Ufberg
A7: Pettis, Kim | B7: 21323 | C7: 901-52-5142 | D7: 38770 | E7: =IF(D7<DATEVALUE("1/1/2018"), TRUE, FALSE) -> TRUE | F7: =IF(D7<DATEVALUE("1/1/2013"), TRUE, FALSE) -> TRUE | G7: =MID(A7&" "&A7, SEARCH(" ",A7)+1,LEN(A7)-1) -> Kim Pettis
A8: Saidman, Urban | B8: 24329 | C8: 260-90-7047 | D8: 41957 | E8: =IF(D8<DATEVALUE("1/1/2018"), TRUE, FALSE) -> FALSE | F8: =IF(D8<DATEVALUE("1/1/2013"), TRUE, FALSE) -> FALSE | G8: =MID(A8&" "&A8, SEARCH(" ",A8)+1,LEN(A8)-1) -> Urban Saidman
A9: Hydock, Shanna | B9: 32976 | C9: 399-79-5482 | D9: 41780 | E9: =IF(D9<DATEVALUE("1/1/2018"), TRUE, FALSE) -> FALSE | F9: =IF(D9<DATEVALUE("1/1/2013"), TRUE, FALSE) -> FALSE | G9: =MID(A9&" "&A9, SEARCH(" ",A9)+1,LEN(A9)-1) -> Shanna Hydock
A10: Ewertsen, João | B10: 33227 | C10: 824-57-5237 | D10: 39913 | E10: =IF(D10<DATEVALUE("1/1/2018"), TRUE, FALSE) -> TRUE | F10: =IF(D10<DATEVALUE("1/1/2013"), TRUE, FALSE) -> FALSE | G10: =MID(A10&" "&A10, SEARCH(" ",A10)+1,LEN(A10)-1) -> João Ewertsen
A11: Walkin, Steffanie | B11: 20239 | C11: 308-76-9640 | D11: 43041 | E11: =IF(D11<DATEVALUE("1/1/2018"), TRUE, FALSE) -> FALSE | F11: =IF(D11<DATEVALUE("1/1/2013"), TRUE, FALSE) -> FALSE | G11: =MID(A11&" "&A11, SEARCH(" ",A11)+1,LEN(A11)-1) -> Steffanie Walkin
A12: Sarabia, Brynn | B12: 21934 | C12: 832-30-9052 | D12: 40679 | E12: =IF(D12<DATEVALUE("1/1/2018"), TRUE, FALSE) -> TRUE | F12: =IF(D12<DATEVALUE("1/1/2013"), TRUE, FALSE) -> FALSE | G12: =MID(A12&" "&A12, SEARCH(" ",A12)+1,LEN(A12)-1) -> Brynn Sarabia
A13: Ballen, Sabah | B13: 20607 | C13: 453-66-4507 | D13: 40178 | E13: =IF(D13<DATEVALUE("1/1/2018"), TRUE, FALSE) -> TRUE | F13: =IF(D13<DATEVALUE("1/1/2013"), TRUE, FALSE) -> FALSE | G13: =MID(A13&" "&A13, SEARCH(" ",A13)+1,LEN(A13)-1) -> Sabah Ballen
... A4097: Bussey, Miaulu | B4097: 34989 | C4097: 484-49-2646 | D4097: 41659 | E4097: =IF(D4097<DATEVALUE("1/1/2018"), TRUE, FALSE) -> FALSE | F4097: =IF(D4097<DATEVALUE("1/1/2013"), TRUE, FALSE) -> FALSE | G4097: =MID(A4097&" "&A4097, SEARCH(" ",A4097)+1,LEN(A4097)-1) -> Miaulu Bussey

Sheet 5Yrsago
A1: FullName | B1: HireDate (5+ Years)
A2: =IF(AND(Challenge8_Employee_Data!E2=TRUE, Challenge8_Employee_Data!F2=FALSE), Challenge8_Employee_Data!G2,"") | B2: =IF(AND(Challenge8_Employee_Data!E2=TRUE, Challenge8_Employee_Data!F2=FALSE), Challenge8_Employee_Data!D2,"")
A3: =IF(AND(Challenge8_Employee_Data!E3=TRUE, Challenge8_Employee_Data!F3=FALSE), Challenge8_Employee_Data!G3,"") | B3: =IF(AND(Challenge8_Employee_Data!E3=TRUE, Challenge8_Employee_Data!F3=FALSE), Challenge8_Employee_Data!D3,"")
A4: =IF(AND(Challenge8_Employee_Data!E3402=TRUE, Challenge8_Employee_Data!F3402=FALSE), Challenge8_Employee_Data!G3402,"") | B4: =IF(AND(Challenge8_Employee_Data!E3402=TRUE, Challenge8_Employee_Data!F3402=FALSE), Challenge8_Employee_Data!D3402,"")
A5: =IF(AND(Challenge8_Employee_Data!E1777=TRUE, Challenge8_Employee_Data!F1777=FALSE), Challenge8_Employee_Data!G1777,"") -> Blaise Manspeizer | B5: =IF(AND(Challenge8_Employee_Data!E1777=TRUE, Challenge8_Employee_Data!F1777=FALSE), Challenge8_Employee_Data!D1777,"") -> 41638
A6: =IF(AND(Challenge8_Employee_Data!E1517=TRUE, Challenge8_Employee_Data!F1517=FALSE), Challenge8_Employee_Data!G1517,"") -> Krawczyk Guérette | B6: =IF(AND(Challenge8_Employee_Data!E1517=TRUE, Challenge8_Employee_Data!F1517=FALSE), Challenge8_Employee_Data!D1517,"") -> 41637
A7: =IF(AND(Challenge8_Employee_Data!E7=TRUE, Challenge8_Employee_Data!F7=FALSE), Challenge8_Employee_Data!G7,"") | B7: =IF(AND(Challenge8_Employee_Data!E7=TRUE, Challenge8_Employee_Data!F7=FALSE), Challenge8_Employee_Data!D7,"")
A8: =IF(AND(Challenge8_Employee_Data!E8=TRUE, Challenge8_Employee_Data!F8=FALSE), Challenge8_Employee_Data!G8,"") | B8: =IF(AND(Challenge8_Employee_Data!E8=TRUE, Challenge8_Employee_Data!F8=FALSE), Challenge8_Employee_Data!D8,"")
A9: =IF(AND(Challenge8_Employee_Data!E9=TRUE, Challenge8_Employee_Data!F9=FALSE), Challenge8_Employee_Data!G9,"") | B9: =IF(AND(Challenge8_Employee_Data!E9=TRUE, Challenge8_Employee_Data!F9=FALSE), Challenge8_Employee_Data!D9,"")
A10: =IF(AND(Challenge8_Employee_Data!E2011=TRUE, Challenge8_Employee_Data!F2011=FALSE), Challenge8_Employee_Data!G2011,"") -> Edward Valle | B10: =IF(AND(Challenge8_Employee_Data!E2011=TRUE, Challenge8_Employee_Data!F2011=FALSE), Challenge8_Employee_Data!D2011,"") -> 41634
A11: =IF(AND(Challenge8_Employee_Data!E11=TRUE, Challenge8_Employee_Data!F11=FALSE), Challenge8_Employee_Data!G11,"") | B11: =IF(AND(Challenge8_Employee_Data!E11=TRUE, Challenge8_Employee_Data!F11=FALSE), Challenge8_Employee_Data!D11,"")
A12: =IF(AND(Challenge8_Employee_Data!E3454=TRUE, Challenge8_Employee_Data!F3454=FALSE), Challenge8_Employee_Data!G3454,"") -> Sharon Lara | B12: =IF(AND(Challenge8_Employee_Data!E3454=TRUE, Challenge8_Employee_Data!F3454=FALSE), Challenge8_Employee_Data!D3454,"") -> 41634
A13: =IF(AND(Challenge8_Employee_Data!E41=TRUE, Challenge8_Employee_Data!F41=FALSE), Challenge8_Employee_Data!G41,"") -> Sibo Carnegie | B13: =IF(AND(Challenge8_Employee_Data!E41=TRUE, Challenge8_Employee_Data!F41=FALSE), Challenge8_Employee_Data!D41,"") -> 41632
A14: =IF(AND(Challenge8_Employee_Data!E14=TRUE, Challenge8_Employee_Data!F14=FALSE), Challenge8_Employee_Data!G14,"") | B14: =IF(AND(Challenge8_Employee_Data!E14=TRUE, Challenge8_Employee_Data!F14=FALSE), Challenge8_Employee_Data!D14,"")
A15: =IF(AND(Challenge8_Employee_Data!E18=TRUE, Challenge8_Employee_Data!F18=FALSE), Challenge8_Employee_Data!G18,"") -> Duplicate Argáez | B15: =IF(AND(Challenge8_Employee_Data!E18=TRUE, Challenge8_Employee_Data!F18=FALSE), Challenge8_Employee_Data!D18,"") -> 41631
A16: =IF(AND(Challenge8_Employee_Data!E16=TRUE, Challenge8_Employee_Data!F16=FALSE), Challenge8_Employee_Data!G16,"") | B16: =IF(AND(Challenge8_Employee_Data!E16=TRUE, Challenge8_Employee_Data!F16=FALSE), Challenge8_Employee_Data!D16,"")
A17: =IF(AND(Challenge8_Employee_Data!E17=TRUE, Challenge8_Employee_Data!F17=FALSE), Challenge8_Employee_Data!G17,"") | B17: =IF(AND(Challenge8_Employee_Data!E17=TRUE, Challenge8_Employee_Data!F17=FALSE), Challenge8_Employee_Data!D17,"")
A18: =IF(AND(Challenge8_Employee_Data!E2519=TRUE, Challenge8_Employee_Data!F2519=FALSE), Challenge8_Employee_Data!G2519,"") -> Will Benz | B18: =IF(AND(Challenge8_Employee_Data!E2519=TRUE, Challenge8_Employee_Data!F2519=FALSE), Challenge8_Employee_Data!D2519,"") -> 41630
A19: =IF(AND(Challenge8_Employee_Data!E19=TRUE, Challenge8_Employee_Data!F19=FALSE), Challenge8_Employee_Data!G19,"") | B19: =IF(AND(Challenge8_Employee_Data!E19=TRUE, Challenge8_Employee_Data!F19=FALSE), Challenge8_Employee_Data!D19,"")
A20: =IF(AND(Challenge8_Employee_Data!E4009=TRUE, Challenge8_Employee_Data!F4009=FALSE), Challenge8_Employee_Data!G4009,"") -> Katarina Tolibas | B20: =IF(AND(Challenge8_Employee_Data!E4009=TRUE, Challenge8_Employee_Data!F4009=FALSE), Challenge8_Employee_Data!D4009,"") -> 41630
A21: =IF(AND(Challenge8_Employee_Data!E21=TRUE, Challenge8_Employee_Data!F21=FALSE), Challenge8_Employee_Data!G21,"") | B21: =IF(AND(Challenge8_Employee_Data!E21=TRUE, Challenge8_Employee_Data!F21=FALSE), Challenge8_Employee_Data!D21,"")
A22: =IF(AND(Challenge8_Employee_Data!E524=TRUE, Challenge8_Employee_Data!F524=FALSE), Challenge8_Employee_Data!G524,"") -> Conville Giessen | B22: =IF(AND(Challenge8_Employee_Data!E524=TRUE, Challenge8_Employee_Data!F524=FALSE), Challenge8_Employee_Data!D524,"") -> 41629
A23: =IF(AND(Challenge8_Employee_Data!E23=TRUE, Challenge8_Employee_Data!F23=FALSE), Challenge8_Employee_Data!G23,"") | B23: =IF(AND(Challenge8_Employee_Data!E23=TRUE, Challenge8_Employee_Data!F23=FALSE), Challenge8_Employee_Data!D23,"")
A24: =IF(AND(Challenge8_Employee_Data!E2275=TRUE, Challenge8_Employee_Data!F2275=FALSE), Challenge8_Employee_Data!G2275,"") -> Shari Goodridge | B24: =IF(AND(Challenge8_Employee_Data!E2275=TRUE, Challenge8_Employee_Data!F2275=FALSE), Challenge8_Employee_Data!D2275,"") -> 41629
A25: =IF(AND(Challenge8_Employee_Data!E2851=TRUE, Challenge8_Employee_Data!F2851=FALSE), Challenge8_Employee_Data!G2851,"") -> Samaria Abito | B25: =IF(AND(Challenge8_Employee_Data!E2851=TRUE, Challenge8_Employee_Data!F2851=FALSE), Challenge8_Employee_Data!D2851,"") -> 41629
A26: =IF(AND(Challenge8_Employee_Data!E26=TRUE, Challenge8_Employee_Data!F26=FALSE), Challenge8_Employee_Data!G26,"") | B26: =IF(AND(Challenge8_Employee_Data!E26=TRUE, Challenge8_Employee_Data!F26=FALSE), Challenge8_Employee_Data!D26,"")
A27: =IF(AND(Challenge8_Employee_Data!E27=TRUE, Challenge8_Employee_Data!F27=FALSE), Challenge8_Employee_Data!G27,"") | B27: =IF(AND(Challenge8_Employee_Data!E27=TRUE, Challenge8_Employee_Data!F27=FALSE), Challenge8_Employee_Data!D27,"")
A28: =IF(AND(Challenge8_Employee_Data!E28=TRUE, Challenge8_Employee_Data!F28=FALSE), Challenge8_Employee_Data!G28,"") | B28: =IF(AND(Challenge8_Employee_Data!E28=TRUE, Challenge8_Employee_Data!F28=FALSE), Challenge8_Employee_Data!D28,"")
A29: =IF(AND(Challenge8_Employee_Data!E2190=TRUE, Challenge8_Employee_Data!F2190=FALSE), Challenge8_Employee_Data!G2190,"") -> Higinio Vahaviolos | B29: =IF(AND(Challenge8_Employee_Data!E2190=TRUE, Challenge8_Employee_Data!F2190=FALSE), Challenge8_Employee_Data!D2190,"") -> 41626
A30: =IF(AND(Challenge8_Employee_Data!E3064=TRUE, Challenge8_Employee_Data!F3064=FALSE), Challenge8_Employee_Data!G3064,"") -> Ernesto Nando | B30: =IF(AND(Challenge8_Employee_Data!E3064=TRUE, Challenge8_Employee_Data!F3064=FALSE), Challenge8_Employee_Data!D3064,"") -> 41626
A31: =IF(AND(Challenge8_Employee_Data!E31=TRUE, Challenge8_Employee_Data!F31=FALSE), Challenge8_Employee_Data!G31,"") | B31: =IF(AND(Challenge8_Employee_Data!E31=TRUE, Challenge8_Employee_Data!F31=FALSE), Challenge8_Employee_Data!D31,"")
A32: =IF(AND(Challenge8_Employee_Data!E3134=TRUE, Challenge8_Employee_Data!F3134=FALSE), Challenge8_Employee_Data!G3134,"") -> Barrow Alan | B32: =IF(AND(Challenge8_Employee_Data!E3134=TRUE, Challenge8_Employee_Data!F3134=FALSE), Challenge8_Employee_Data!D3134,"") -> 41626
A33: =IF(AND(Challenge8_Employee_Data!E33=TRUE, Challenge8_Employee_Data!F33=FALSE), Challenge8_Employee_Data!G33,"") | B33: =IF(AND(Challenge8_Employee_Data!E33=TRUE, Challenge8_Employee_Data!F33=FALSE), Challenge8_Employee_Data!D33,"")
A34: =IF(AND(Challenge8_Employee_Data!E34=TRUE, Challenge8_Employee_Data!F34=FALSE), Challenge8_Employee_Data!G34,"") | B34: =IF(AND(Challenge8_Employee_Data!E34=TRUE, Challenge8_Employee_Data!F34=FALSE), Challenge8_Employee_Data!D34,"")
A35: =IF(AND(Challenge8_Employee_Data!E35=TRUE, Challenge8_Employee_Data!F35=FALSE), Challenge8_Employee_Data!G35,"") | B35: =IF(AND(Challenge8_Employee_Data!E35=TRUE, Challenge8_Employee_Data!F35=FALSE), Challenge8_Employee_Data!D35,"")
A36: =IF(AND(Challenge8_Employee_Data!E704=TRUE, Challenge8_Employee_Data!F704=FALSE), Challenge8_Employee_Data!G704,"") -> Osborn Good | B36: =IF(AND(Challenge8_Employee_Data!E704=TRUE, Challenge8_Employee_Data!F704=FALSE), Challenge8_Employee_Data!D704,"") -> 41623
A37: =IF(AND(Challenge8_Employee_Data!E37=TRUE, Challenge8_Employee_Data!F37=FALSE), Challenge8_Employee_Data!G37,"") | B37: =IF(AND(Challenge8_Employee_Data!E37=TRUE, Challenge8_Employee_Data!F37=FALSE), Challenge8_Employee_Data!D37,"")
A38: =IF(AND(Challenge8_Employee_Data!E1863=TRUE, Challenge8_Employee_Data!F1863=FALSE), Challenge8_Employee_Data!G1863,"") -> Gemma/Jason Polishook | B38: =IF(AND(Challenge8_Employee_Data!E1863=TRUE, Challenge8_Employee_Data!F1863=FALSE), Challenge8_Employee_Data!D1863,"") -> 41623
A39: =IF(AND(Challenge8_Employee_Data!E891=TRUE, Challenge8_Employee_Data!F891=FALSE), Challenge8_Employee_Data!G891,"") -> Oriana Noname | B39: =IF(AND(Challenge8_Employee_Data!E891=TRUE, Challenge8_Employee_Data!F891=FALSE), Challenge8_Employee_Data!D891,"") -> 41622
A40: =IF(AND(Challenge8_Employee_Data!E549=TRUE, Challenge8_Employee_Data!F549=FALSE), Challenge8_Employee_Data!G549,"") -> Moral Christopherson | B40: =IF(AND(Challenge8_Employee_Data!E549=TRUE, Challenge8_Employee_Data!F549=FALSE), Challenge8_Employee_Data!D549,"") -> 41621
A41: =IF(AND(Challenge8_Employee_Data!E839=TRUE, Challenge8_Employee_Data!F839=FALSE), Challenge8_Employee_Data!G839,"") -> Luigi Rusznyak | B41: =IF(AND(Challenge8_Employee_Data!E839=TRUE, Challenge8_Employee_Data!F839=FALSE), Challenge8_Employee_Data!D839,"") -> 41621
A42: =IF(AND(Challenge8_Employee_Data!E42=TRUE, Challenge8_Employee_Data!F42=FALSE), Challenge8_Employee_Data!G42,"") | B42: =IF(AND(Challenge8_Employee_Data!E42=TRUE, Challenge8_Employee_Data!F42=FALSE), Challenge8_Employee_Data!D42,"")
A43: =IF(AND(Challenge8_Employee_Data!E43=TRUE, Challenge8_Employee_Data!F43=FALSE), Challenge8_Employee_Data!G43,"") | B43: =IF(AND(Challenge8_Employee_Data!E43=TRUE, Challenge8_Employee_Data!F43=FALSE), Challenge8_Employee_Data!D43,"")
A44: =IF(AND(Challenge8_Employee_Data!E44=TRUE, Challenge8_Employee_Data!F44=FALSE), Challenge8_Employee_Data!G44,"") | B44: =IF(AND(Challenge8_Employee_Data!E44=TRUE, Challenge8_Employee_Data!F44=FALSE), Challenge8_Employee_Data!D44,"")
A45: =IF(AND(Challenge8_Employee_Data!E45=TRUE, Challenge8_Employee_Data!F45=FALSE), Challenge8_Employee_Data!G45,"") | B45: =IF(AND(Challenge8_Employee_Data!E45=TRUE, Challenge8_Employee_Data!F45=FALSE), Challenge8_Employee_Data!D45,"")
A46: =IF(AND(Challenge8_Employee_Data!E500=TRUE, Challenge8_Employee_Data!F500=FALSE), Challenge8_Employee_Data!G500,"") -> Belinda Priest | B46: =IF(AND(Challenge8_Employee_Data!E500=TRUE, Challenge8_Employee_Data!F500=FALSE), Challenge8_Employee_Data!D500,"") -> 41619
A47: =IF(AND(Challenge8_Employee_Data!E47=TRUE, Challenge8_Employee_Data!F47=FALSE), Challenge8_Employee_Data!G47,"") | B47: =IF(AND(Challenge8_Employee_Data!E47=TRUE, Challenge8_Employee_Data!F47=FALSE), Challenge8_Employee_Data!D47,"")
A48: =IF(AND(Challenge8_Employee_Data!E48=TRUE, Challenge8_Employee_Data!F48=FALSE), Challenge8_Employee_Data!G48,"") | B48: =IF(AND(Challenge8_Employee_Data!E48=TRUE, Challenge8_Employee_Data!F48=FALSE), Challenge8_Employee_Data!D48,"")
A49: =IF(AND(Challenge8_Employee_Data!E3024=TRUE, Challenge8_Employee_Data!F3024=FALSE), Challenge8_Employee_Data!G3024,"") -> Lychota Eakins | B49: =IF(AND(Challenge8_Employee_Data!E3024=TRUE, Challenge8_Employee_Data!F3024=FALSE), Challenge8_Employee_Data!D3024,"") -> 41619
A50: =IF(AND(Challenge8_Employee_Data!E3674=TRUE, Challenge8_Employee_Data!F3674=FALSE), Challenge8_Employee_Data!G3674,"") -> Kori Chrétien | B50: =IF(AND(Challenge8_Employee_Data!E3674=TRUE, Challenge8_Employee_Data!F3674=FALSE), Challenge8_Employee_Data!D3674,"") -> 41619
A51: =IF(AND(Challenge8_Employee_Data!E51=TRUE, Challenge8_Employee_Data!F51=FALSE), Challenge8_Employee_Data!G51,"") | B51: =IF(AND(Challenge8_Employee_Data!E51=TRUE, Challenge8_Employee_Data!F51=FALSE), Challenge8_Employee_Data!D51,"")
A52: =IF(AND(Challenge8_Employee_Data!E52=TRUE, Challenge8_Employee_Data!F52=FALSE), Challenge8_Employee_Data!G52,"") | B52: =IF(AND(Challenge8_Employee_Data!E52=TRUE, Challenge8_Employee_Data!F52=FALSE), Challenge8_Employee_Data!D52,"")
A53: =IF(AND(Challenge8_Employee_Data!E53=TRUE, Challenge8_Employee_Data!F53=FALSE), Challenge8_Employee_Data!G53,"") | B53: =IF(AND(Challenge8_Employee_Data!E53=TRUE, Challenge8_Employee_Data!F53=FALSE), Challenge8_Employee_Data!D53,"")
A54: =IF(AND(Challenge8_Employee_Data!E54=TRUE, Challenge8_Employee_Data!F54=FALSE), Challenge8_Employee_Data!G54,"") | B54: =IF(AND(Challenge8_Employee_Data!E54=TRUE, Challenge8_Employee_Data!F54=FALSE), Challenge8_Employee_Data!D54,"")
A55: =IF(AND(Challenge8_Employee_Data!E55=TRUE, Challenge8_Employee_Data!F55=FALSE), Challenge8_Employee_Data!G55,"") | B55: =IF(AND(Challenge8_Employee_Data!E55=TRUE, Challenge8_Employee_Data!F55=FALSE), Challenge8_Employee_Data!D55,"")
A56: =IF(AND(Challenge8_Employee_Data!E56=TRUE, Challenge8_Employee_Data!F56=FALSE), Challenge8_Employee_Data!G56,"") | B56: =IF(AND(Challenge8_Employee_Data!E56=TRUE, Challenge8_Employee_Data!F56=FALSE), Challenge8_Employee_Data!D56,"")
A57: =IF(AND(Challenge8_Employee_Data!E57=TRUE, Challenge8_Employee_Data!F57=FALSE), Challenge8_Employee_Data!G57,"") | B57: =IF(AND(Challenge8_Employee_Data!E57=TRUE, Challenge8_Employee_Data!F57=FALSE), Challenge8_Employee_Data!D57,"")
A58: =IF(AND(Challenge8_Employee_Data!E1593=TRUE, Challenge8_Employee_Data!F1593=FALSE), Challenge8_Employee_Data!G1593,"") -> Bloqueada Burckhardt | B58: =IF(AND(Challenge8_Employee_Data!E1593=TRUE, Challenge8_Employee_Data!F1593=FALSE), Challenge8_Employee_Data!D1593,"") -> 41618
A59: =IF(AND(Challenge8_Employee_Data!E59=TRUE, Challenge8_Employee_Data!F59=FALSE), Challenge8_Employee_Data!G59,"") | B59: =IF(AND(Challenge8_Employee_Data!E59=TRUE, Challenge8_Employee_Data!F59=FALSE), Challenge8_Employee_Data!D59,"")
A60: =IF(AND(Challenge8_Employee_Data!E2185=TRUE, Challenge8_Employee_Data!F2185=FALSE), Challenge8_Employee_Data!G2185,"") -> Hunt Halcyon | B60: =IF(AND(Challenge8_Employee_Data!E2185=TRUE, Challenge8_Employee_Data!F2185=FALSE), Challenge8_Employee_Data!D2185,"") -> 41618
A61: =IF(AND(Challenge8_Employee_Data!E61=TRUE, Challenge8_Employee_Data!F61=FALSE), Challenge8_Employee_Data!G61,"") | B61: =IF(AND(Challenge8_Employee_Data!E61=TRUE, Challenge8_Employee_Data!F61=FALSE), Challenge8_Employee_Data!D61,"")
A62: =IF(AND(Challenge8_Employee_Data!E1246=TRUE, Challenge8_Employee_Data!F1246=FALSE), Challenge8_Employee_Data!G1246,"") -> Kiera Hunter | B62: =IF(AND(Challenge8_Employee_Data!E1246=TRUE, Challenge8_Employee_Data!F1246=FALSE), Challenge8_Employee_Data!D1246,"") -> 41617
A63: =IF(AND(Challenge8_Employee_Data!E63=TRUE, Challenge8_Employee_Data!F63=FALSE), Challenge8_Employee_Data!G63,"") | B63: =IF(AND(Challenge8_Employee_Data!E63=TRUE, Challenge8_Employee_Data!F63=FALSE), Challenge8_Employee_Data!D63,"")
A64: =IF(AND(Challenge8_Employee_Data!E64=TRUE, Challenge8_Employee_Data!F64=FALSE), Challenge8_Employee_Data!G64,"") | B64: =IF(AND(Challenge8_Employee_Data!E64=TRUE, Challenge8_Employee_Data!F64=FALSE), Challenge8_Employee_Data!D64,"")
A65: =IF(AND(Challenge8_Employee_Data!E65=TRUE, Challenge8_Employee_Data!F65=FALSE), Challenge8_Employee_Data!G65,"") | B65: =IF(AND(Challenge8_Employee_Data!E65=TRUE, Challenge8_Employee_Data!F65=FALSE), Challenge8_Employee_Data!D65,"")
A66: =IF(AND(Challenge8_Employee_Data!E66=TRUE, Challenge8_Employee_Data!F66=FALSE), Challenge8_Employee_Data!G66,"") | B66: =IF(AND(Challenge8_Employee_Data!E66=TRUE, Challenge8_Employee_Data!F66=FALSE), Challenge8_Employee_Data!D66,"")
A67: =IF(AND(Challenge8_Employee_Data!E67=TRUE, Challenge8_Employee_Data!F67=FALSE), Challenge8_Employee_Data!G67,"") | B67: =IF(AND(Challenge8_Employee_Data!E67=TRUE, Challenge8_Employee_Data!F67=FALSE), Challenge8_Employee_Data!D67,"")
A68: =IF(AND(Challenge8_Employee_Data!E3989=TRUE, Challenge8_Employee_Data!F3989=FALSE), Challenge8_Employee_Data!G3989,"") -> Stan Stanchi | B68: =IF(AND(Challenge8_Employee_Data!E3989=TRUE, Challenge8_Employee_Data!F3989=FALSE), Challenge8_Employee_Data!D3989,"") -> 41617
A69: =IF(AND(Challenge8_Employee_Data!E69=TRUE, Challenge8_Employee_Data!F69=FALSE), Challenge8_Employee_Data!G69,"") | B69: =IF(AND(Challenge8_Employee_Data!E69=TRUE, Challenge8_Employee_Data!F69=FALSE), Challenge8_Employee_Data!D69,"")
A70: =IF(AND(Challenge8_Employee_Data!E70=TRUE, Challenge8_Employee_Data!F70=FALSE), Challenge8_Employee_Data!G70,"") | B70: =IF(AND(Challenge8_Employee_Data!E70=TRUE, Challenge8_Employee_Data!F70=FALSE), Challenge8_Employee_Data!D70,"")
A71: =IF(AND(Challenge8_Employee_Data!E71=TRUE, Challenge8_Employee_Data!F71=FALSE), Challenge8_Employee_Data!G71,"") | B71: =IF(AND(Challenge8_Employee_Data!E71=TRUE, Challenge8_Employee_Data!F71=FALSE), Challenge8_Employee_Data!D71,"")
A72: =IF(AND(Challenge8_Employee_Data!E72=TRUE, Challenge8_Employee_Data!F72=FALSE), Challenge8_Employee_Data!G72,"") | B72: =IF(AND(Challenge8_Employee_Data!E72=TRUE, Challenge8_Employee_Data!F72=FALSE), Challenge8_Employee_Data!D72,"")
A73: =IF(AND(Challenge8_Employee_Data!E73=TRUE, Challenge8_Employee_Data!F73=FALSE), Challenge8_Employee_Data!G73,"") | B73: =IF(AND(Challenge8_Employee_Data!E73=TRUE, Challenge8_Employee_Data!F73=FALSE), Challenge8_Employee_Data!D73,"")
A74: =IF(AND(Challenge8_Employee_Data!E74=TRUE, Challenge8_Employee_Data!F74=FALSE), Challenge8_Employee_Data!G74,"") | B74: =IF(AND(Challenge8_Employee_Data!E74=TRUE, Challenge8_Employee_Data!F74=FALSE), Challenge8_Employee_Data!D74,"")
A75: =IF(AND(Challenge8_Employee_Data!E75=TRUE, Challenge8_Employee_Data!F75=FALSE), Challenge8_Employee_Data!G75,"") | B75: =IF(AND(Challenge8_Employee_Data!E75=TRUE, Challenge8_Employee_Data!F75=FALSE), Challenge8_Employee_Data!D75,"")
A76: =IF(AND(Challenge8_Employee_Data!E261=TRUE, Challenge8_Employee_Data!F261=FALSE), Challenge8_Employee_Data!G261,"") -> Gisella Greene | B76: =IF(AND(Challenge8_Employee_Data!E261=TRUE, Challenge8_Employee_Data!F261=FALSE), Challenge8_Employee_Data!D261,"") -> 41615
A77: =IF(AND(Challenge8_Employee_Data!E77=TRUE, Challenge8_Employee_Data!F77=FALSE), Challenge8_Employee_Data!G77,"") | B77: =IF(AND(Challenge8_Employee_Data!E77=TRUE, Challenge8_Employee_Data!F77=FALSE), Challenge8_Employee_Data!D77,"")
A78: =IF(AND(Challenge8_Employee_Data!E3556=TRUE, Challenge8_Employee_Data!F3556=FALSE), Challenge8_Employee_Data!G3556,"") -> Solana Givner | B78: =IF(AND(Challenge8_Employee_Data!E3556=TRUE, Challenge8_Employee_Data!F3556=FALSE), Challenge8_Employee_Data!D3556,"") -> 41615
A79: =IF(AND(Challenge8_Employee_Data!E79=TRUE, Challenge8_Employee_Data!F79=FALSE), Challenge8_Employee_Data!G79,"") | B79: =IF(AND(Challenge8_Employee_Data!E79=TRUE, Challenge8_Employee_Data!F79=FALSE), Challenge8_Employee_Data!D79,"")
A80: =IF(AND(Challenge8_Employee_Data!E444=TRUE, Challenge8_Employee_Data!F444=FALSE), Challenge8_Employee_Data!G444,"") -> Margie Perpar | B80: =IF(AND(Challenge8_Employee_Data!E444=TRUE, Challenge8_Employee_Data!F444=FALSE), Challenge8_Employee_Data!D444,"") -> 41613
A81: =IF(AND(Challenge8_Employee_Data!E2417=TRUE, Challenge8_Employee_Data!F2417=FALSE), Challenge8_Employee_Data!G2417,"") -> Mcmullan Stanzione | B81: =IF(AND(Challenge8_Employee_Data!E2417=TRUE, Challenge8_Employee_Data!F2417=FALSE), Challenge8_Employee_Data!D2417,"") -> 41613
A82: =IF(AND(Challenge8_Employee_Data!E82=TRUE, Challenge8_Employee_Data!F82=FALSE), Challenge8_Employee_Data!G82,"") | B82: =IF(AND(Challenge8_Employee_Data!E82=TRUE, Challenge8_Employee_Data!F82=FALSE), Challenge8_Employee_Data!D82,"")
A83: =IF(AND(Challenge8_Employee_Data!E1252=TRUE, Challenge8_Employee_Data!F1252=FALSE), Challenge8_Employee_Data!G1252,"") -> Xavier Keutenedjian | B83: =IF(AND(Challenge8_Employee_Data!E1252=TRUE, Challenge8_Employee_Data!F1252=FALSE), Challenge8_Employee_Data!D1252,"") -> 41612
A84: =IF(AND(Challenge8_Employee_Data!E84=TRUE, Challenge8_Employee_Data!F84=FALSE), Challenge8_Employee_Data!G84,"") | B84: =IF(AND(Challenge8_Employee_Data!E84=TRUE, Challenge8_Employee_Data!F84=FALSE), Challenge8_Employee_Data!D84,"")
A85: =IF(AND(Challenge8_Employee_Data!E1287=TRUE, Challenge8_Employee_Data!F1287=FALSE), Challenge8_Employee_Data!G1287,"") -> Reparando Bartolero | B85: =IF(AND(Challenge8_Employee_Data!E1287=TRUE, Challenge8_Employee_Data!F1287=FALSE), Challenge8_Employee_Data!D1287,"") -> 41611
A86: =IF(AND(Challenge8_Employee_Data!E86=TRUE, Challenge8_Employee_Data!F86=FALSE), Challenge8_Employee_Data!G86,"") | B86: =IF(AND(Challenge8_Employee_Data!E86=TRUE, Challenge8_Employee_Data!F86=FALSE), Challenge8_Employee_Data!D86,"")
A87: =IF(AND(Challenge8_Employee_Data!E87=TRUE, Challenge8_Employee_Data!F87=FALSE), Challenge8_Employee_Data!G87,"") | B87: =IF(AND(Challenge8_Employee_Data!E87=TRUE, Challenge8_Employee_Data!F87=FALSE), Challenge8_Employee_Data!D87,"")
A88: =IF(AND(Challenge8_Employee_Data!E2371=TRUE, Challenge8_Employee_Data!F2371=FALSE), Challenge8_Employee_Data!G2371,"") -> Souli Mahoney | B88: =IF(AND(Challenge8_Employee_Data!E2371=TRUE, Challenge8_Employee_Data!F2371=FALSE), Challenge8_Employee_Data!D2371,"") -> 41611
A89: =IF(AND(Challenge8_Employee_Data!E89=TRUE, Challenge8_Employee_Data!F89=FALSE), Challenge8_Employee_Data!G89,"") | B89: =IF(AND(Challenge8_Employee_Data!E89=TRUE, Challenge8_Employee_Data!F89=FALSE), Challenge8_Employee_Data!D89,"")
A90: =IF(AND(Challenge8_Employee_Data!E2636=TRUE, Challenge8_Employee_Data!F2636=FALSE), Challenge8_Employee_Data!G2636,"") -> Delroi Aistars | B90: =IF(AND(Challenge8_Employee_Data!E2636=TRUE, Challenge8_Employee_Data!F2636=FALSE), Challenge8_Employee_Data!D2636,"") -> 41609
A91: =IF(AND(Challenge8_Employee_Data!E60=TRUE, Challenge8_Employee_Data!F60=FALSE), Challenge8_Employee_Data!G60,"") -> Shenna Himmel | B91: =IF(AND(Challenge8_Employee_Data!E60=TRUE, Challenge8_Employee_Data!F60=FALSE), Challenge8_Employee_Data!D60,"") -> 41607
A92: =IF(AND(Challenge8_Employee_Data!E92=TRUE, Challenge8_Employee_Data!F92=FALSE), Challenge8_Employee_Data!G92,"") | B92: =IF(AND(Challenge8_Employee_Data!E92=TRUE, Challenge8_Employee_Data!F92=FALSE), Challenge8_Employee_Data!D92,"")
A93: =IF(AND(Challenge8_Employee_Data!E93=TRUE, Challenge8_Employee_Data!F93=FALSE), Challenge8_Employee_Data!G93,"") | B93: =IF(AND(Challenge8_Employee_Data!E93=TRUE, Challenge8_Employee_Data!F93=FALSE), Challenge8_Employee_Data!D93,"")
A94: =IF(AND(Challenge8_Employee_Data!E94=TRUE, Challenge8_Employee_Data!F94=FALSE), Challenge8_Employee_Data!G94,"") | B94: =IF(AND(Challenge8_Employee_Data!E94=TRUE, Challenge8_Employee_Data!F94=FALSE), Challenge8_Employee_Data!D94,"")
A95: =IF(AND(Challenge8_Employee_Data!E95=TRUE, Challenge8_Employee_Data!F95=FALSE), Challenge8_Employee_Data!G95,"") | B95: =IF(AND(Challenge8_Employee_Data!E95=TRUE, Challenge8_Employee_Data!F95=FALSE), Challenge8_Employee_Data!D95,"")
A96: =IF(AND(Challenge8_Employee_Data!E96=TRUE, Challenge8_Employee_Data!F96=FALSE), Challenge8_Employee_Data!G96,"") | B96: =IF(AND(Challenge8_Employee_Data!E96=TRUE, Challenge8_Employee_Data!F96=FALSE), Challenge8_Employee_Data!D96,"")
A97: =IF(AND(Challenge8_Employee_Data!E97=TRUE, Challenge8_Employee_Data!F97=FALSE), Challenge8_Employee_Data!G97,"") | B97: =IF(AND(Challenge8_Employee_Data!E97=TRUE, Challenge8_Employee_Data!F97=FALSE), Challenge8_Employee_Data!D97,"")
A98: =IF(AND(Challenge8_Employee_Data!E1815=TRUE, Challenge8_Employee_Data!F1815=FALSE), Challenge8_Employee_Data!G1815,"") -> Laurence Chasteen | B98: =IF(AND(Challenge8_Employee_Data!E1815=TRUE, Challenge8_Employee_Data!F1815=FALSE), Challenge8_Employee_Data!D1815,"") -> 41607
A99: =IF(AND(Challenge8_Employee_Data!E99=TRUE, Challenge8_Employee_Data!F99=FALSE), Challenge8_Employee_Data!G99,"") | B99: =IF(AND(Challenge8_Employee_Data!E99=TRUE, Challenge8_Employee_Data!F99=FALSE), Challenge8_Employee_Data!D99,"")
A100: =IF(AND(Challenge8_Employee_Data!E1108=TRUE, Challenge8_Employee_Data!F1108=FALSE), Challenge8_Employee_Data!G1108,"") -> Miss Madigan | B100: =IF(AND(Challenge8_Employee_Data!E1108=TRUE, Challenge8_Employee_Data!F1108=FALSE), Challenge8_Employee_Data!D1108,"") -> 41606
...

Sheet 10Yrsago
A1: FullName | B1: HireDate (10+ Years)
A2: =IF(Challenge8_Employee_Data!F2=TRUE, Challenge8_Employee_Data!G2,"") | B2: =IF(Challenge8_Employee_Data!F2=TRUE, Challenge8_Employee_Data!D2,"")
A3: =IF(Challenge8_Employee_Data!F3=TRUE, Challenge8_Employee_Data!G3,"") | B3: =IF(Challenge8_Employee_Data!F3=TRUE, Challenge8_Employee_Data!D3,"")
A4: =IF(Challenge8_Employee_Data!F4=TRUE, Challenge8_Employee_Data!G4,"") | B4: =IF(Challenge8_Employee_Data!F4=TRUE, Challenge8_Employee_Data!D4,"")
A5: =IF(Challenge8_Employee_Data!F5=TRUE, Challenge8_Employee_Data!G5,"") | B5: =IF(Challenge8_Employee_Data!F5=TRUE, Challenge8_Employee_Data!D5,"")
A6: =IF(Challenge8_Employee_Data!F6=TRUE, Challenge8_Employee_Data!G6,"") | B6: =IF(Challenge8_Employee_Data!F6=TRUE, Challenge8_Employee_Data!D6,"")
A7: =IF(Challenge8_Employee_Data!F621=TRUE, Challenge8_Employee_Data!G621,"") | B7: =IF(Challenge8_Employee_Data!F621=TRUE, Challenge8_Employee_Data!D621,"")
A8: =IF(Challenge8_Employee_Data!F8=TRUE, Challenge8_Employee_Data!G8,"") | B8: =IF(Challenge8_Employee_Data!F8=TRUE, Challenge8_Employee_Data!D8,"")
A9: =IF(Challenge8_Employee_Data!F9=TRUE, Challenge8_Employee_Data!G9,"") | B9: =IF(Challenge8_Employee_Data!F9=TRUE, Challenge8_Employee_Data!D9,"")
A10: =IF(Challenge8_Employee_Data!F10=TRUE, Challenge8_Employee_Data!G10,"") | B10: =IF(Challenge8_Employee_Data!F10=TRUE, Challenge8_Employee_Data!D10,"")
A11: =IF(Challenge8_Employee_Data!F11=TRUE, Challenge8_Employee_Data!G11,"") | B11: =IF(Challenge8_Employee_Data!F11=TRUE, Challenge8_Employee_Data!D11,"")
A12: =IF(Challenge8_Employee_Data!F12=TRUE, Challenge8_Employee_Data!G12,"") | B12: =IF(Challenge8_Employee_Data!F12=TRUE, Challenge8_Employee_Data!D12,"")
A13: =IF(Challenge8_Employee_Data!F13=TRUE, Challenge8_Employee_Data!G13,"") | B13: =IF(Challenge8_Employee_Data!F13=TRUE, Challenge8_Employee_Data!D13,"")
A14: =IF(Challenge8_Employee_Data!F354=TRUE, Challenge8_Employee_Data!G354,"") -> Tiffeani Dismore | B14: =IF(Challenge8_Employee_Data!F354=TRUE, Challenge8_Employee_Data!D354,"") -> 39812
A15: =IF(Challenge8_Employee_Data!F15=TRUE, Challenge8_Employee_Data!G15,"") | B15: =IF(Challenge8_Employee_Data!F15=TRUE, Challenge8_Employee_Data!D15,"")
A16: =IF(Challenge8_Employee_Data!F16=TRUE, Challenge8_Employee_Data!G16,"") | B16: =IF(Challenge8_Employee_Data!F16=TRUE, Challenge8_Employee_Data!D16,"")
A17: =IF(Challenge8_Employee_Data!F17=TRUE, Challenge8_Employee_Data!G17,"") | B17: =IF(Challenge8_Employee_Data!F17=TRUE, Challenge8_Employee_Data!D17,"")
A18: =IF(Challenge8_Employee_Data!F18=TRUE, Challenge8_Employee_Data!G18,"") | B18: =IF(Challenge8_Employee_Data!F18=TRUE, Challenge8_Employee_Data!D18,"")
A19: =IF(Challenge8_Employee_Data!F19=TRUE, Challenge8_Employee_Data!G19,"") | B19: =IF(Challenge8_Employee_Data!F19=TRUE, Challenge8_Employee_Data!D19,"")
A20: =IF(Challenge8_Employee_Data!F20=TRUE, Challenge8_Employee_Data!G20,"") | B20: =IF(Challenge8_Employee_Data!F20=TRUE, Challenge8_Employee_Data!D20,"")
A21: =IF(Challenge8_Employee_Data!F3521=TRUE, Challenge8_Employee_Data!G3521,"") -> Faviola Brazeau | B21: =IF(Challenge8_Employee_Data!F3521=TRUE, Challenge8_Employee_Data!D3521,"") -> 39812
A22: =IF(Challenge8_Employee_Data!F22=TRUE, Challenge8_Employee_Data!G22,"") | B22: =IF(Challenge8_Employee_Data!F22=TRUE, Challenge8_Employee_Data!D22,"")
A23: =IF(Challenge8_Employee_Data!F23=TRUE, Challenge8_Employee_Data!G23,"") | B23: =IF(Challenge8_Employee_Data!F23=TRUE, Challenge8_Employee_Data!D23,"")
A24: =IF(Challenge8_Employee_Data!F24=TRUE, Challenge8_Employee_Data!G24,"") | B24: =IF(Challenge8_Employee_Data!F24=TRUE, Challenge8_Employee_Data!D24,"")
A25: =IF(Challenge8_Employee_Data!F25=TRUE, Challenge8_Employee_Data!G25,"") | B25: =IF(Challenge8_Employee_Data!F25=TRUE, Challenge8_Employee_Data!D25,"")
A26: =IF(Challenge8_Employee_Data!F26=TRUE, Challenge8_Employee_Data!G26,"") | B26: =IF(Challenge8_Employee_Data!F26=TRUE, Challenge8_Employee_Data!D26,"")
A27: =IF(Challenge8_Employee_Data!F27=TRUE, Challenge8_Employee_Data!G27,"") | B27: =IF(Challenge8_Employee_Data!F27=TRUE, Challenge8_Employee_Data!D27,"")
A28: =IF(Challenge8_Employee_Data!F218=TRUE, Challenge8_Employee_Data!G218,"") -> Veronik Laird | B28: =IF(Challenge8_Employee_Data!F218=TRUE, Challenge8_Employee_Data!D218,"") -> 39811
A29: =IF(Challenge8_Employee_Data!F29=TRUE, Challenge8_Employee_Data!G29,"") | B29: =IF(Challenge8_Employee_Data!F29=TRUE, Challenge8_Employee_Data!D29,"")
A30: =IF(Challenge8_Employee_Data!F30=TRUE, Challenge8_Employee_Data!G30,"") | B30: =IF(Challenge8_Employee_Data!F30=TRUE, Challenge8_Employee_Data!D30,"")
A31: =IF(Challenge8_Employee_Data!F31=TRUE, Challenge8_Employee_Data!G31,"") | B31: =IF(Challenge8_Employee_Data!F31=TRUE, Challenge8_Employee_Data!D31,"")
A32: =IF(Challenge8_Employee_Data!F32=TRUE, Challenge8_Employee_Data!G32,"") | B32: =IF(Challenge8_Employee_Data!F32=TRUE, Challenge8_Employee_Data!D32,"")
A33: =IF(Challenge8_Employee_Data!F33=TRUE, Challenge8_Employee_Data!G33,"") | B33: =IF(Challenge8_Employee_Data!F33=TRUE, Challenge8_Employee_Data!D33,"")
A34: =IF(Challenge8_Employee_Data!F34=TRUE, Challenge8_Employee_Data!G34,"") | B34: =IF(Challenge8_Employee_Data!F34=TRUE, Challenge8_Employee_Data!D34,"")
A35: =IF(Challenge8_Employee_Data!F35=TRUE, Challenge8_Employee_Data!G35,"") | B35: =IF(Challenge8_Employee_Data!F35=TRUE, Challenge8_Employee_Data!D35,"")
A36: =IF(Challenge8_Employee_Data!F36=TRUE, Challenge8_Employee_Data!G36,"") | B36: =IF(Challenge8_Employee_Data!F36=TRUE, Challenge8_Employee_Data!D36,"")
A37: =IF(Challenge8_Employee_Data!F37=TRUE, Challenge8_Employee_Data!G37,"") | B37: =IF(Challenge8_Employee_Data!F37=TRUE, Challenge8_Employee_Data!D37,"")
A38: =IF(Challenge8_Employee_Data!F38=TRUE, Challenge8_Employee_Data!G38,"") | B38: =IF(Challenge8_Employee_Data!F38=TRUE, Challenge8_Employee_Data!D38,"")
A39: =IF(Challenge8_Employee_Data!F39=TRUE, Challenge8_Employee_Data!G39,"") | B39: =IF(Challenge8_Employee_Data!F39=TRUE, Challenge8_Employee_Data!D39,"")
A40: =IF(Challenge8_Employee_Data!F40=TRUE, Challenge8_Employee_Data!G40,"") | B40: =IF(Challenge8_Employee_Data!F40=TRUE, Challenge8_Employee_Data!D40,"")
... A46: =IF(Challenge8_Employee_Data!F46=TRUE, Challenge8_Employee_Data!G46,"") | B46: =IF(Challenge8_Employee_Data!F46=TRUE, Challenge8_Employee_Data!D46,"")
A47: =IF(Challenge8_Employee_Data!F1661=TRUE, Challenge8_Employee_Data!G1661,"") -> Kirishna Hills | B47: =IF(Challenge8_Employee_Data!F1661=TRUE, Challenge8_Employee_Data!D1661,"") -> 39811
A48: =IF(Challenge8_Employee_Data!F189=TRUE, Challenge8_Employee_Data!G189,"") -> Malone Caravantes | B48: =IF(Challenge8_Employee_Data!F189=TRUE, Challenge8_Employee_Data!D189,"") -> 39810
A49: =IF(Challenge8_Employee_Data!F49=TRUE, Challenge8_Employee_Data!G49,"") | B49: =IF(Challenge8_Employee_Data!F49=TRUE, Challenge8_Employee_Data!D49,"")
A50: =IF(Challenge8_Employee_Data!F50=TRUE, Challenge8_Employee_Data!G50,"") | B50: =IF(Challenge8_Employee_Data!F50=TRUE, Challenge8_Employee_Data!D50,"")
A51: =IF(Challenge8_Employee_Data!F51=TRUE, Challenge8_Employee_Data!G51,"") | B51: =IF(Challenge8_Employee_Data!F51=TRUE, Challenge8_Employee_Data!D51,"")
A52: =IF(Challenge8_Employee_Data!F52=TRUE, Challenge8_Employee_Data!G52,"") | B52: =IF(Challenge8_Employee_Data!F52=TRUE, Challenge8_Employee_Data!D52,"")
A53: =IF(Challenge8_Employee_Data!F53=TRUE, Challenge8_Employee_Data!G53,"") | B53: =IF(Challenge8_Employee_Data!F53=TRUE, Challenge8_Employee_Data!D53,"")
A54: =IF(Challenge8_Employee_Data!F3571=TRUE, Challenge8_Employee_Data!G3571,"") -> Melanie Garibay | B54: =IF(Challenge8_Employee_Data!F3571=TRUE, Challenge8_Employee_Data!D3571,"") -> 39810
A55: =IF(Challenge8_Employee_Data!F55=TRUE, Challenge8_Employee_Data!G55,"") | B55: =IF(Challenge8_Employee_Data!F55=TRUE, Challenge8_Employee_Data!D55,"")
A56: =IF(Challenge8_Employee_Data!F56=TRUE, Challenge8_Employee_Data!G56,"") | B56: =IF(Challenge8_Employee_Data!F56=TRUE, Challenge8_Employee_Data!D56,"")
A57: =IF(Challenge8_Employee_Data!F57=TRUE, Challenge8_Employee_Data!G57,"") | B57: =IF(Challenge8_Employee_Data!F57=TRUE, Challenge8_Employee_Data!D57,"")
A58: =IF(Challenge8_Employee_Data!F58=TRUE, Challenge8_Employee_Data!G58,"") | B58: =IF(Challenge8_Employee_Data!F58=TRUE, Challenge8_Employee_Data!D58,"")
A59: =IF(Challenge8_Employee_Data!F59=TRUE, Challenge8_Employee_Data!G59,"") | B59: =IF(Challenge8_Employee_Data!F59=TRUE, Challenge8_Employee_Data!D59,"")
A60: =IF(Challenge8_Employee_Data!F60=TRUE, Challenge8_Employee_Data!G60,"") | B60: =IF(Challenge8_Employee_Data!F60=TRUE, Challenge8_Employee_Data!D60,"")
A61: =IF(Challenge8_Employee_Data!F61=TRUE, Challenge8_Employee_Data!G61,"") | B61: =IF(Challenge8_Employee_Data!F61=TRUE, Challenge8_Employee_Data!D61,"")
A62: =IF(Challenge8_Employee_Data!F62=TRUE, Challenge8_Employee_Data!G62,"") | B62: =IF(Challenge8_Employee_Data!F62=TRUE, Challenge8_Employee_Data!D62,"")
A63: =IF(Challenge8_Employee_Data!F63=TRUE, Challenge8_Employee_Data!G63,"") | B63: =IF(Challenge8_Employee_Data!F63=TRUE, Challenge8_Employee_Data!D63,"")
A64: =IF(Challenge8_Employee_Data!F64=TRUE, Challenge8_Employee_Data!G64,"") | B64: =IF(Challenge8_Employee_Data!F64=TRUE, Challenge8_Employee_Data!D64,"")
A65: =IF(Challenge8_Employee_Data!F65=TRUE, Challenge8_Employee_Data!G65,"") | B65: =IF(Challenge8_Employee_Data!F65=TRUE, Challenge8_Employee_Data!D65,"")
A66: =IF(Challenge8_Employee_Data!F3754=TRUE, Challenge8_Employee_Data!G3754,"") -> Moises Susan | B66: =IF(Challenge8_Employee_Data!F3754=TRUE, Challenge8_Employee_Data!D3754,"") -> 39809
A67: =IF(Challenge8_Employee_Data!F67=TRUE, Challenge8_Employee_Data!G67,"") | B67: =IF(Challenge8_Employee_Data!F67=TRUE, Challenge8_Employee_Data!D67,"")
A68: =IF(Challenge8_Employee_Data!F68=TRUE, Challenge8_Employee_Data!G68,"") | B68: =IF(Challenge8_Employee_Data!F68=TRUE, Challenge8_Employee_Data!D68,"")
A69: =IF(Challenge8_Employee_Data!F904=TRUE, Challenge8_Employee_Data!G904,"") -> Fletcher Glanell | B69: =IF(Challenge8_Employee_Data!F904=TRUE, Challenge8_Employee_Data!D904,"") -> 39807
A70: =IF(Challenge8_Employee_Data!F70=TRUE, Challenge8_Employee_Data!G70,"") | B70: =IF(Challenge8_Employee_Data!F70=TRUE, Challenge8_Employee_Data!D70,"")
A71: =IF(Challenge8_Employee_Data!F71=TRUE, Challenge8_Employee_Data!G71,"") | B71: =IF(Challenge8_Employee_Data!F71=TRUE, Challenge8_Employee_Data!D71,"")
A72: =IF(Challenge8_Employee_Data!F72=TRUE, Challenge8_Employee_Data!G72,"") | B72: =IF(Challenge8_Employee_Data!F72=TRUE, Challenge8_Employee_Data!D72,"")
A73: =IF(Challenge8_Employee_Data!F73=TRUE, Challenge8_Employee_Data!G73,"") | B73: =IF(Challenge8_Employee_Data!F73=TRUE, Challenge8_Employee_Data!D73,"")
A74: =IF(Challenge8_Employee_Data!F74=TRUE, Challenge8_Employee_Data!G74,"") | B74: =IF(Challenge8_Employee_Data!F74=TRUE, Challenge8_Employee_Data!D74,"")
A75: =IF(Challenge8_Employee_Data!F75=TRUE, Challenge8_Employee_Data!G75,"") | B75: =IF(Challenge8_Employee_Data!F75=TRUE, Challenge8_Employee_Data!D75,"")
A76: =IF(Challenge8_Employee_Data!F76=TRUE, Challenge8_Employee_Data!G76,"") | B76: =IF(Challenge8_Employee_Data!F76=TRUE, Challenge8_Employee_Data!D76,"")
A77: =IF(Challenge8_Employee_Data!F77=TRUE, Challenge8_Employee_Data!G77,"") | B77: =IF(Challenge8_Employee_Data!F77=TRUE, Challenge8_Employee_Data!D77,"")
A78: =IF(Challenge8_Employee_Data!F78=TRUE, Challenge8_Employee_Data!G78,"") | B78: =IF(Challenge8_Employee_Data!F78=TRUE, Challenge8_Employee_Data!D78,"")
A79: =IF(Challenge8_Employee_Data!F1308=TRUE, Challenge8_Employee_Data!G1308,"") -> Chasity Bolton | B79: =IF(Challenge8_Employee_Data!F1308=TRUE, Challenge8_Employee_Data!D1308,"") -> 39807
A80: =IF(Challenge8_Employee_Data!F80=TRUE, Challenge8_Employee_Data!G80,"") | B80: =IF(Challenge8_Employee_Data!F80=TRUE, Challenge8_Employee_Data!D80,"")
A81: =IF(Challenge8_Employee_Data!F81=TRUE, Challenge8_Employee_Data!G81,"") | B81: =IF(Challenge8_Employee_Data!F81=TRUE, Challenge8_Employee_Data!D81,"")
A82: =IF(Challenge8_Employee_Data!F82=TRUE, Challenge8_Employee_Data!G82,"") | B82: =IF(Challenge8_Employee_Data!F82=TRUE, Challenge8_Employee_Data!D82,"")
A83: =IF(Challenge8_Employee_Data!F83=TRUE, Challenge8_Employee_Data!G83,"") | B83: =IF(Challenge8_Employee_Data!F83=TRUE, Challenge8_Employee_Data!D83,"")
A84: =IF(Challenge8_Employee_Data!F84=TRUE, Challenge8_Employee_Data!G84,"") | B84: =IF(Challenge8_Employee_Data!F84=TRUE, Challenge8_Employee_Data!D84,"")
A85: =IF(Challenge8_Employee_Data!F85=TRUE, Challenge8_Employee_Data!G85,"") | B85: =IF(Challenge8_Employee_Data!F85=TRUE, Challenge8_Employee_Data!D85,"")
A86: =IF(Challenge8_Employee_Data!F4056=TRUE, Challenge8_Employee_Data!G4056,"") -> Liisa Beckerman | B86: =IF(Challenge8_Employee_Data!F4056=TRUE, Challenge8_Employee_Data!D4056,"") -> 39806
A87: =IF(Challenge8_Employee_Data!F2146=TRUE, Challenge8_Employee_Data!G2146,"") -> Tobias Rios | B87: =IF(Challenge8_Employee_Data!F2146=TRUE, Challenge8_Employee_Data!D2146,"") -> 39805
A88: =IF(Challenge8_Employee_Data!F88=TRUE, Challenge8_Employee_Data!G88,"") | B88: =IF(Challenge8_Employee_Data!F88=TRUE, Challenge8_Employee_Data!D88,"")
A89: =IF(Challenge8_Employee_Data!F89=TRUE, Challenge8_Employee_Data!G89,"") | B89: =IF(Challenge8_Employee_Data!F89=TRUE, Challenge8_Employee_Data!D89,"")
A90: =IF(Challenge8_Employee_Data!F90=TRUE, Challenge8_Employee_Data!G90,"") | B90: =IF(Challenge8_Employee_Data!F90=TRUE, Challenge8_Employee_Data!D90,"")
A91: =IF(Challenge8_Employee_Data!F91=TRUE, Challenge8_Employee_Data!G91,"") | B91: =IF(Challenge8_Employee_Data!F91=TRUE, Challenge8_Employee_Data!D91,"")
A92: =IF(Challenge8_Employee_Data!F92=TRUE, Challenge8_Employee_Data!G92,"") | B92: =IF(Challenge8_Employee_Data!F92=TRUE, Challenge8_Employee_Data!D92,"")
A93: =IF(Challenge8_Employee_Data!F1055=TRUE, Challenge8_Employee_Data!G1055,"") -> Yamuna Gaviria | B93: =IF(Challenge8_Employee_Data!F1055=TRUE, Challenge8_Employee_Data!D1055,"") -> 39804
A94: =IF(Challenge8_Employee_Data!F94=TRUE, Challenge8_Employee_Data!G94,"") | B94: =IF(Challenge8_Employee_Data!F94=TRUE, Challenge8_Employee_Data!D94,"")
A95: =IF(Challenge8_Employee_Data!F462=TRUE, Challenge8_Employee_Data!G462,"") -> Manish Downer | B95: =IF(Challenge8_Employee_Data!F462=TRUE, Challenge8_Employee_Data!D462,"") -> 39802
A96: =IF(Challenge8_Employee_Data!F96=TRUE, Challenge8_Employee_Data!G96,"") | B96: =IF(Challenge8_Employee_Data!F96=TRUE, Challenge8_Employee_Data!D96,"")
A97: =IF(Challenge8_Employee_Data!F97=TRUE, Challenge8_Employee_Data!G97,"") | B97: =IF(Challenge8_Employee_Data!F97=TRUE, Challenge8_Employee_Data!D97,"")
A98: =IF(Challenge8_Employee_Data!F98=TRUE, Challenge8_Employee_Data!G98,"") | B98: =IF(Challenge8_Employee_Data!F98=TRUE, Challenge8_Employee_Data!D98,"")
A99: =IF(Challenge8_Employee_Data!F99=TRUE, Challenge8_Employee_Data!G99,"") | B99: =IF(Challenge8_Employee_Data!F99=TRUE, Challenge8_Employee_Data!D99,"")
A100: =IF(Challenge8_Employee_Data!F100=TRUE, Challenge8_Employee_Data!G100,"") | B100: =IF(Challenge8_Employee_Data!F100=TRUE, Challenge8_Employee_Data!D100,"")
A101: =IF(Challenge8_Employee_Data!F101=TRUE, Challenge8_Employee_Data!G101,"") | B101: =IF(Challenge8_Employee_Data!F101=TRUE, Challenge8_Employee_Data!D101,"")
A102: =IF(Challenge8_Employee_Data!F2671=TRUE, Challenge8_Employee_Data!G2671,"") -> Courtney Diamant | B102: =IF(Challenge8_Employee_Data!F2671=TRUE, Challenge8_Employee_Data!D2671,"") -> 39802
A103: =IF(Challenge8_Employee_Data!F103=TRUE, Challenge8_Employee_Data!G103,"") | B103: =IF(Challenge8_Employee_Data!F103=TRUE, Challenge8_Employee_Data!D103,"")
A104: =IF(Challenge8_Employee_Data!F104=TRUE, Challenge8_Employee_Data!G104,"") | B104: =IF(Challenge8_Employee_Data!F104=TRUE, Challenge8_Employee_Data!D104,"")
A105: =IF(Challenge8_Employee_Data!F105=TRUE, Challenge8_Employee_Data!G105,"") | B105: =IF(Challenge8_Employee_Data!F105=TRUE, Challenge8_Employee_Data!D105,"")
...
